 Dungeon Crawl Stone Soup version 0.28.0 (webtiles) character file.

Game seed: 17158701975432909032

1773 zeram the Basher (level 9, -2/51 HPs)
             Began as a Gargoyle Fighter on Feb 4, 2022.
             Was a Follower of Qazlal.
             Slain by an orc warrior (12 damage)
             ... on level 7 of the Dungeon.
             The game lasted 00:07:35 (6446 turns).

zeram the Basher (Gargoyle Fighter)                 Turns: 6446, Time: 00:07:36

Health: -2/51      AC: 14    Str: 25    XL:     9   Next: 7%
Magic:  9/9        EV: 10    Int: 14    God:    Qazlal [*.....]
Gold:   245        SH:  9    Dex:  9    Spells: 8/8 levels left

rFire   + + .      SeeInvis .   a - +1 flail (vorpal)
rCold   . . .      Faith    .   m - +3 buckler "Zoacac" {*Slow rF++ Slay+6}
rNeg    + . .      Spirit   .   b - +0 scale mail
rPois   ∞          Reflect  .   (no helmet)
rElec   +          Harm     .   j - scarf {+Inv}
rCorr   .          Rampage  .   (no gloves)
Will    .....                   (no boots)
Stlth   ..........              l - amulet of magic regeneration
HPRegen 0.17/turn               f - ring of flight
MPRegen 0.51/turn               r - ring of Putwoib {rPois Int+6}

@: flying
A: sickness immunity, AC +6, negative energy resistance 1, electricity
resistance, torment resistance 1, petrification resistance
a: Renounce Religion, Evoke Invisibility


You were on level 7 of the Dungeon.
You worshipped Qazlal.
Qazlal was aware of your devotion.
You visited 2 branches of the dungeon, and saw 8 of its levels.

You collected 245 gold pieces.

Inventory:

Hand Weapons
 a - a +1 vorpal flail (weapon)
Armour
 b - a +0 scale mail (worn)
 c - a +0 buckler
 j - a scarf of invisibility (worn)
 m - the +3 buckler "Zoacac" (worn) {*Slow rF++ Slay+6}
   (You found it on level 4 of the Dungeon)

   Slay:      It affects your accuracy & damage with ranged weapons and melee
   (+6).
   rF:        It greatly protects you from fire.
   *Slow:     It may slow you when you take damage.
 u - +0 steam dragon scales
Jewellery
 f - a ring of flight (left hand)
 l - an amulet of magic regeneration (around neck)
 r - the ring of Putwoib (right hand) {rPois Int+6}
   (You found it on level 6 of the Dungeon)

   [ring of intelligence]

   Int:       It affects your intelligence (+6).
   rPois:     It protects you from poison.
Scrolls
 e - a scroll of brand weapon
 n - a scroll of fog
 p - a scroll of silence
 s - a scroll of magic mapping {unknown}
 t - a scroll of teleportation {unknown}
Potions
 d - a potion of lignification
 g - 2 potions of heal wounds
 h - 2 potions of curing
 i - a potion of berserk rage {unknown}
 k - a potion of cancellation
 o - 2 potions of mutation {unknown}
 q - 2 potions of brilliance


   Skills:
 - Level 3.2 Fighting
 + Level 8.3 Maces & Flails
 + Level 6.4 Armour
 + Level 2.9 Dodging
 + Level 6.3 Shields


You had 8 spell levels left.
You didn't know any spells.
Your spell library was empty.

Dungeon Overview and Level Annotations

Branches:
Dungeon (7/15)             Temple (1/1) D:4

Altars:
Ashenzari
Cheibriados
Dithmenos
Elyvilon
Fedhas
Gozag
Kikubaaqudgha
Makhleb
Nemelex Xobeh
Okawaru
Qazlal
Ru
Sif Muna
Trog
Uskayaw
Vehumet
Wu Jian
Xom
The Shining One

Annotations:
D:3 3 runed translucent doors, vvl's ghost, amateur HuCj


Innate Abilities, Weirdness & Mutations

You are immune to sickness and miasma.
Your stone body is resilient. (AC +6)
You are immune to poison.
You resist negative energy. (rN+)
You are resistant to electric shocks. (rElec)
You are resistant to unholy torment.
You are immune to petrification.


Message History

You block the killer bee's attack. You block the orc warrior's attack.
You are too injured to fight recklessly!
You are too injured to fight recklessly!
You are too injured to fight recklessly!
You are too injured to fight recklessly!
You are too injured to fight recklessly!
You are too injured to fight recklessly!
You are too injured to fight recklessly!
You are too injured to fight recklessly!
You are too injured to fight recklessly!
You are too injured to fight recklessly!
You are too injured to fight recklessly!
You are too injured to fight recklessly!
You are too injured to fight recklessly!
You are too injured to fight recklessly!
You are too injured to fight recklessly!
You are too injured to fight recklessly!
You are too injured to fight recklessly!
You are too injured to fight recklessly!
You are too injured to fight recklessly!
You are too injured to fight recklessly!
You are too injured to fight recklessly!
You are too injured to fight recklessly!
You are too injured to fight recklessly!
You are too injured to fight recklessly!
Unknown command.
You are too injured to fight recklessly!
You are too injured to fight recklessly!
Unknown command.
The killer bee barely misses you.
The orc priest invokes the aid of Beogh against you.
Beogh smites you!
* * * LOW HITPOINT WARNING * * *
The killer bee closely misses you. You block the killer bee's attack.
The killer bee stings you.
* * * LOW HITPOINT WARNING * * *
You barely miss the killer bee. You block the killer bee's attack. x2
The orc warrior hits you from afar with a +1 halberd of protection!
You die...

#.# #o# #o# #.# #y# #†#
#.#
################.#.##..
............@yoy.......
#........#####.#.##...
.##........#####.#.#
....................
#........#####.#.#.
#........# #......
#........####### ###.
#.............
#...(.....##.


You could see an orc warrior and 2 killer bees.

Vanquished Creatures
  A steam dragon (D:7)
  An orc warrior (D:7)
  An ice beast (D:6)
  An ogre (D:6)
  A necrophage (D:4)
  A centaur (D:6)
  Blork the orc (D:5)
  4 scorpions
  A wyvern skeleton (D:6)
  2 water moccasin zombies (D:5)
  A water moccasin skeleton (D:6)
  A killer bee (D:7)
  A centaur zombie (D:6)
  A hound (D:5)
  A bullfrog skeleton (D:6)
  5 orc priests
  3 iguanas (D:6)
  3 orc wizards
  A hound zombie (D:5)
  A hound skeleton (D:3)
  3 gnolls (D:4)
  4 adders
  A shadow imp (D:6)
  2 white imps
  3 worms
  8 dart slugs
  17 orcs
  7 ball pythons
  7 endoplasms
  6 giant cockroaches
  11 hobgoblins
  4 jackals (D:1)
  5 kobolds
  3 quokkas
  8 bats
  4 frilled lizards
  11 goblins
  3 rats
139 creatures vanquished.

Vanquished Creatures (others)
  14 plants
14 creatures vanquished.

Grand Total: 153 creatures vanquished

Notes
Turn   | Place    | Note
-------+----------+-------------------------------------------
     0 | D:1      | zeram the Gargoyle Fighter began the quest for the Orb.
     0 | D:1      | Reached XP level 1. HP: 14/14 MP: 1/1
    52 | D:1      | Reached XP level 2. HP: 12/19 MP: 2/2
   436 | D:1      | Reached XP level 3. HP: 17/23 MP: 3/3
  1731 | D:2      | Reached XP level 4. HP: 28/28 MP: 4/4
  1744 | D:2      | Identified the +9 short sword "Fuic" {venom, rCorr Dex+3}
  1921 | D:2      | Reached skill level 3 in Maces & Flails
  2565 | D:3      | Found a runed translucent gate.
  2565 | D:3      | Found a runed translucent gate.
  2565 | D:3      | Found a runed translucent gate.
  2645 | D:3      | Noticed vvl's ghost (amateur HuCj)
  2657 | D:3      | Found a faded altar of an unknown god.
  2720 | D:3      | Reached XP level 5. HP: 29/32 MP: 5/5
  2921 | D:3      | Found a shimmering altar of Xom.
  3277 | D:4      | Noticed a necrophage
  3291 | D:4      | Killed a necrophage
  3292 | D:4      | Reached skill level 4 in Maces & Flails
  3292 | D:4      | Reached skill level 1 in Dodging
  3292 | D:4      | Reached XP level 6. HP: 30/37 MP: 6/6
  3431 | D:4      | Identified the +3 buckler "Zoacac" {*Slow rF++ Slay+6}
  3488 | D:4      | Found a staircase to the Ecumenical Temple.
  3503 | Temple   | Entered the Ecumenical Temple
  3653 | Temple   | Became a worshipper of Qazlal Stormbringer
  3984 | D:4      | Found a radiant altar of Vehumet.
  3999 | D:4      | Found a sparkling altar of Nemelex Xobeh.
  4009 | D:4      | Reached skill level 5 in Maces & Flails
  4152 | D:5      | Entered Level 5 of the Dungeon
  4328 | D:5      | Reached XP level 7. HP: 41/41 MP: 7/7
  4370 | D:5      | Reached skill level 5 in Armour
  4744 | D:5      | Noticed Blork the orc
  4752 | D:5      | Killed Blork the orc
  4753 | D:5      | Reached skill level 6 in Maces & Flails
  5177 | D:6      | Reached skill level 5 in Shields
  5191 | D:6      | Reached XP level 8. HP: 44/46 MP: 8/8
  5366 | D:6      | Reached skill level 7 in Maces & Flails
  5505 | D:6      | Reached * piety under Qazlal
  5803 | D:6      | Identified the ring of Putwoib {rPois Int+6}
  6308 | D:7      | Reached skill level 8 in Maces & Flails
  6323 | D:7      | Reached XP level 9. HP: 35/51 MP: 9/9
  6446 | D:7      | Slain by an orc warrior

Illustrated notes

Levels and vault maps discovered:
D:1:      dpeg_arrival_pond, layout_basic, chequers_big_river
D:2:      layout_loops_cross, serial_bayou, serial_bayou_shore_a,
          serial_bayou_pond_a, serial_bayou_lagoon_b, serial_bayou_pond_c,
          minmay_pentomino_z4
D:3:      layout_rooms, xom_teletrap_fun, ebering_ghost_rock_garden,
          ebering_ecumenical_altar_hall, minivault_11, hangedman_decor_growths,
          kennysheep_cluttered_room, eino_tiny_chamber, serial_bayou_pond_d,
          st_stairs_4
D:4:      layout_basic, mainiacjoe_overflow_large_starburst,
          minmay_temple_entry_large_hall
D:5:      layout_cave_pods, uniq_blork_the_orc
D:6:      layout_rooms
D:7:      layout_basic, yredelemnul_altar_generic
Temple:   nicolae_temple_elliptical

Skill      XL: |  1  2  3  4  5  6  7  8 |
---------------+-------------------------+-----
Shields        | 4 5 6 |  6.3
Armour         | 4 5 6 |  6.4
Maces & Flails | 3 4 5 6 8 |  8.3
Dodging        | 1 2 |  2.9
Fighting       | |  3.2

Action                   |  1- 3 |  4- 6 |  7- 9 || total
-------------------------+-------+-------+-------++-------
Melee: Flail             |   142 |   168 |   141 ||   451
  Use: Scroll            |     3 |     7 |     3 ||    13
       Potion            |     1 |       |     1 ||     2
Armor: Scale mail        |    82 |    88 |    61 ||   231
Dodge: Dodged            |    74 |    75 |    56 ||   205
Block: Buckler           |    37 |    40 |    81 ||   158
